 Dungeon Crawl Stone Soup version 0.23.1 (webtiles) character file.

Game seed: 14732051902546489694

154 myga the Magician (level 5, -8/28 HPs)
             Began as a Deep Elf Wizard on Mar 18, 2019.
             Was an Initiate of Fedhas.
             Mangled by Pikel
             ... wielding a +1 whip of freezing
              (15 damage)
             ... on level 4 of the Dungeon on Mar 19, 2019.
             The game lasted 00:28:13 (2723 turns).

myga the Magician (Deep Elf Wizard)                 Turns: 2723, Time: 00:28:18

Health: -8/28      AC:  5    Str:  5    XL:     5   Next: 13%
Magic:  3/15       EV: 13    Int: 23    God:    Fedhas [......]
Gold:   221        SH:  2    Dex: 13    Spells: 2/16 levels left

rFire    + . .     SeeInvis .   y - +4 quarterstaff (chaos)
rCold    x . .     Gourm    .   (shield currently unavailable)
rNeg     . . .     Faith    .   D - +0 robe (curse)
rPois    .         Spirit   .   b - +1 hat
rElec    .         Reflect  +   A - +0 cloak
rCorr    .         Harm     .   r - +0 pair of gloves
MR       .....                  (no boots)
Stlth    ++........             e - +2 amulet of reflection
HPRegen  0.09/turn              l - ring of fire
MPRegen  0.14/turn              (no ring)

@: very slightly contaminated
A: no striking features
a: Fungal Bloom, Renounce Religion


You were on level 4 of the Dungeon.
You worshipped Fedhas.
Fedhas was noncommittal.
You were not hungry.

You visited 1 branch of the dungeon, and saw 4 of its levels.

You collected 221 gold pieces.

Inventory:

Hand Weapons
 y - a +4 quarterstaff of chaos (weapon)
Missiles
 f - 7 javelins
 q - 113 stones
 F - 5 tomahawks (quivered)
Armour
 a - a +0 robe
 b - a +1 hat (worn)
 k - a +0 robe
 r - a +0 pair of gloves (worn)
 A - a +0 cloak (worn)
 D - a cursed +0 robe (worn)
Jewellery
 e - a +2 amulet of reflection (around neck)
 l - a ring of fire (left hand)
 v - an uncursed ring of teleportation
Scrolls
 m - 3 scrolls of teleportation
 t - a scroll of blinking
 z - a scroll of remove curse
Potions
 g - 2 potions of brilliance
 h - a potion of ambrosia
 i - 2 potions of might
 j - a potion of lignification
 n - a potion of berserk rage
 o - a potion of cancellation
 p - 2 potions of heal wounds {unknown}
 w - 3 potions of curing {unknown}
 x - a potion of haste {unknown}
 H - a potion of invisibility {unknown}
Comestibles
 d - a ration


   Skills:
   Level 0.4 Short Blades
 + Level 1.1 Throwing
 + Level 2.8 Dodging
 + Level 3.0 Stealth
 + Level 6.4 Spellcasting
 + Level 2.4 Conjurations
 + Level 1.5 Summonings
 + Level 1.1 Translocations


You had 2 spell levels left.
You knew the following spells:

 Your Spells              Type           Power        Failure   Level  Hunger
a - Magic Dart            Conj           ###.         3%          1    None
b - Blink                 Tloc           N/A          8%          2    None
c - Call Imp              Summ           ##......     6%          2    None
d - Slow                  Hex            #.......     12%         2    None
e - Conjure Flame         Conj/Fire      ###.....     14%         3    #......
f - Mephitic Cloud        Conj/Pois/Air  ##......     17%         3    #......
g - Confusing Touch       Hex            #.....       8%          1    None

Your spell library contained the following spells:

 Spells                   Type           Power        Failure   Level  Hunger
 Gell's Gravitas          Tloc           ##........   16%         3    #......
 Confuse                  Hex            #.......     24%         3    #......
 Petrify                  Tmut/Erth      #.......     63%         4    ###....
 Metabolic Englaciation   Hex/Ice        #.........   92%         5    #####..
 Yara's Violent Unravell  Hex/Tmut       #.........   92%         5    #####..


Dungeon Overview and Level Annotations

Branches:
Dungeon (4/15)
 Temple: D:4-7

Altars:
Fedhas
Gozag
Xom

Annotations:
D:4 Pikel


Message History

Pikel hits you with a +1 whip of freezing.
Pikel freezes you. The slave hits your iron imp! The slave closely misses you.
Your crimson imp blinks!
The slave closely misses you.
A goblin comes into view.
Your crimson imp hits the slave.
Okay, then.
Casting: Call Imp (safe; 6% risk of failure)
Confirm with . or Enter, or press ? or * to list all spells.
Okay, then.
Unknown command.
Pikel hits you with a +1 whip of freezing.
Pikel freezes you. The slave hits your crimson imp.
The slave hits your iron imp. The slave hits you.
* * * LOW HITPOINT WARNING * * *
Your crimson imp hits the slave but does no damage.
Pikel hits you with a +1 whip of freezing!
Ouch! That really hurt!
You die...
Fedhas appreciates your contribution to the ecosystem.

#.....#
#..###.# ....
#..# ...
###.## ..
#...# . #.###
#.# #.#######
##÷#...p@##
#....§5Kp.##
#.....pp5..#
#..........#
#!.5.......#
#.........>#
.....g.......#
###.......$..#
#..........#


You could see Pikel (berserk), 4 slaves, a goblin, a friendly iron imp and 2
friendly crimson imps.

Vanquished Creatures
  Crazy Yiuf (D:3)
  An adder (D:3)
  2 oozes
  An adder zombie (D:3)
  A leopard gecko (D:3)
  9 orcs (D:3)
  2 giant cockroaches (D:1)
  6 goblins
  5 hobgoblins
  6 kobolds
  3 quokkas
  2 ball pythons
  8 bats
  3 frilled lizards
  2 rats
52 creatures vanquished.

Vanquished Creatures (collateral kills)
  3 adders (D:2)
  An ooze (D:3)
  A worm (D:3)
  A leopard gecko (D:1)
  5 orcs (D:3)
  A bat (D:2)
  A giant cockroach (D:3)
  A goblin (D:3)
  2 hobgoblins (D:1)
  2 kobolds
  2 frilled lizards
  A rat (D:2)
21 creatures vanquished.

Vanquished Creatures (others)
  2 fungi (D:3)
  12 toadstools (D:3)
14 creatures vanquished.

Grand Total: 87 creatures vanquished

Notes
Turn   | Place    | Note
-------+----------+-------------------------------------------
     0 | D:1      | myga the Deep Elf Wizard began the quest for the Orb.
     0 | D:1      | Reached XP level 1. HP: 10/10 MP: 7/7
   111 | D:1      | Reached skill level 5 in Spellcasting
   162 | D:1      | Reached XP level 2. HP: 8/15 MP: 1/10
   227 | D:1      | Learned a level 2 spell: Blink
   230 | D:1      | Learned a level 2 spell: Call Imp
   233 | D:1      | Learned a level 2 spell: Slow
   567 | D:1      | Reached XP level 3. HP: 19/19 MP: 11/11
   741 | D:2      | Learned a level 3 spell: Conjure Flame
   745 | D:2      | Learned a level 3 spell: Mephitic Cloud
   860 | D:2      | Found a shimmering altar of Xom.
  1183 | D:3      | Found an opulent altar of Gozag.
  1257 | D:3      | Reached XP level 4. HP: 22/24 MP: 9/13
  1267 | D:3      | Found a blossoming altar of Fedhas.
  1277 | D:3      | Became a worshipper of Fedhas Madash
  1462 | D:3      | Reached skill level 6 in Spellcasting
  2096 | D:3      | Reached skill level 1 in Throwing
  2515 | D:3      | Found a runed translucent door.
  2525 | D:3      | Noticed Crazy Yiuf
  2532 | D:3      | Learned a level 1 spell: Confusing Touch
  2576 | D:3      | Killed Crazy Yiuf
  2576 | D:3      | Reached XP level 5. HP: 28/28 MP: 0/15
  2705 | D:4      | Noticed Pikel
  2708 | D:4      | Noticed a slave
  2708 | D:4      | Noticed a slave
  2708 | D:4      | Noticed a slave
  2709 | D:4      | Noticed a slave
  2723 | D:4      | Mangled by Pikel

Skill      XL: |  1  2  3  4 |
---------------+-------------+-----
Spellcasting   | 5 6 |  6.4
Conjurations   | 2 |  2.4
Throwing       | 1 |  1.1
Stealth        | 3 |  3.0
Short Blades   | |  0.4
Dodging        | |  2.8
Summonings     | |  1.5
Translocations | |  1.1

Action                   |  1- 3 |  4- 6 || total
-------------------------+-------+-------++-------
Melee: Unarmed           |    12 |       ||    12
       Dagger            |    44 |    48 ||    92
       Short sword       |     1 |       ||     1
       Quarterstaff      |       |     4 ||     4
Throw: Javelin           |     3 |    14 ||    17
       Tomahawk          |       |     5 ||     5
 Cast: Magic Dart        |    56 |    44 ||   100
       Call Imp          |    15 |    29 ||    44
       Slow              |     1 |     4 ||     5
       Conjure Flame     |       |     1 ||     1
Invok: Fungal Bloom      |       |     6 ||     6
  Use: Scroll            |     9 |     4 ||    13
 Stab: Sleeping          |     1 |     5 ||     6
       Distracted        |       |     1 ||     1
  Eat: Chunk             |     1 |     5 ||     6
Armor: Robe              |    29 |     7 ||    36
Dodge: Dodged            |    53 |    39 ||    92
Block: Other             |     7 |     4 ||    11
       Reflection        |     1 |       ||     1
